 Dungeon Crawl Stone Soup version 0.19.5 (webtiles) character file.

3519 Megalobster the Infuser (level 9, 48/48 HPs)
             Began as a Deep Elf Conjurer on Apr 13, 2017.
             Was a Follower of Vehumet.
             Quit the game on level 8 of the Dungeon on Apr 15, 2017.
             The game lasted 00:49:31 (9689 turns).

Megalobster the Infuser (Deep Elf Conjurer)         Turns: 9689, Time: 00:49:33

Health: 48/48      AC:  5    Str:  5      XL:     9   Next: 81%
Magic:  33/33      EV: 14    Int: 21 (24) God:    Vehumet [*.....]
Gold:   303        SH:  0    Dex: 19      Spells: 7 memorised, 6 levels left

rFire  . . .     SeeInvis .     y - +2 short sword (venom)
rCold  . . .     Gourm    .     l - +0 robe (curse)
rNeg   . . .     Faith    .     (no shield)
rPois  .         Spirit   +     f - +0 helmet (curse)
rElec  .         Reflect  .     P - +1 cloak
rCorr  .         Harm     .     (no gloves)
MR     .....                    (no boots)
Stlth  +++.......               g - amulet of guardian spirit
                                p - ring of magical power
                                j - +4 ring of dexterity

@: slowed, very slow
A: hooves 1
a: Renounce Religion


You were on level 8 of the Dungeon.
You worshipped Vehumet.
Vehumet was aware of your devotion.
You were not hungry.

You visited 2 branches of the dungeon, and saw 9 of its levels.
You also visited: Bailey.

You collected 303 gold pieces.

Inventory:

Hand Weapons
 y - a +2 short sword of venom (weapon)
 A - a +3 war axe of chopping
 C - a +1 whip of venom
Armour
 f - a cursed +0 helmet (worn)
 l - a cursed +0 robe (worn)
 n - a +0 robe
 K - a +3 leather armour
 P - a +1 cloak (worn)
Jewellery
 g - an amulet of guardian spirit (around neck)
 j - a +4 ring of dexterity (left hand)
 p - a ring of magical power (right hand)
 r - a +3 ring of intelligence {unknown}
 G - an uncursed ring of poison resistance
Wands
 o - a wand of lightning (4/15)
 I - a wand of teleportation (3/9)
 J - a wand of acid (8/15)
Scrolls
 e - a scroll of recharging {unknown}
 i - 3 scrolls of amnesia
 k - 5 scrolls of teleportation
 m - 2 scrolls of magic mapping {unknown}
 q - 3 scrolls of blinking
 u - a scroll of fear {unknown}
 w - a scroll of remove curse
 z - 4 scrolls of enchant armour
 B - a scroll of immolation {unknown}
 F - a scroll of identify
Potions
 h - a potion of brilliance {unknown}
 s - a potion of cure mutation {unknown}
 t - a potion of heal wounds {unknown}
 D - a potion of haste {unknown}
 E - a potion of cancellation {unknown}
 N - a potion of agility {unknown}
Books
 b - a book of Conjurations

   Spells                             Type                      Level
   a - Magic Dart                     Conjuration                  1
   b - Searing Ray                    Conjuration                  2
   c - Dazzling Spray                 Conjuration/Hexes            3
   d - Fulminant Prism                Conjuration/Hexes            4
   e - Iskenderun's Mystic Blast      Conjuration                  4
   f - Iskenderun's Battlesphere      Conjuration/Charms           5
 d - a book of Necromancy

   Spells                             Type                      Level
   a - Pain                           Necromancy                   1
   b - Animate Skeleton               Necromancy                   1
   c - Vampiric Draining              Necromancy                   3
   d - Regeneration                   Charms/Necromancy            3
   e - Animate Dead                   Necromancy                   4
   f - Control Undead                 Necromancy                   4
 O - a book of Party Tricks

   Spells                             Type                      Level
   a - Summon Butterflies             Summoning                    1
   b - Apportation                    Translocation                1
   c - Lesser Beckoning               Translocation                3
   d - Tukima's Dance                 Hexes                        3
   e - Alistair's Intoxication        Transmutation/Poison         5
   f - Invisibility                   Hexes                        6
Comestibles
 a - a beef jerky
 c - 5 bread rations
 v - 9 chunks of flesh
 x - a fruit
 H - a meat ration


   Skills:
 + Level 2.2 Fighting
 + Level 3.7 Dodging
 + Level 5.0 Stealth
 + Level 9.1 Spellcasting
 * Level 9.9 Conjurations
 - Level 11.0 Charms


You had 6 spell levels left.
You knew the following spells:

 Your Spells              Type           Power        Failure   Level  Hunger
a - Magic Dart            Conj           ####         1%          1    None
b - Searing Ray           Conj           ######       1%          2    None
c - Iskenderun's Mystic   Conj           ######..     1%          4    ##.....
d - Iskenderun's Battles  Conj/Chrm      ######..     2%          5    #####..
e - Fulminant Prism       Conj/Hex       ####......   12%         4    ##.....
f - Dazzling Spray        Conj/Hex       ####..       2%          3    None
g - Summon Butterflies    Summ           #.......     10%         1    None


Dungeon Overview and Level Annotations

Branches:
Dungeon (8/15)             Temple (1/1) D:4
   Lair: D:8-11

Altars:
Ashenzari
Cheibriados
Elyvilon
Fedhas
Gozag
Hepliaklqana
Kikubaaqudgha
Makhleb
Okawaru
Qazlal
Ru
Sif Muna
Trog
Uskayaw
Vehumet
Xom
Yredelemnul
Zin

Annotations:
D:8 Grum


Innate Abilities, Weirdness & Mutations

You have large cloven feet.


Message History

Aim: a gnoll zombie (heavily damaged)
The magic dart hits the gnoll zombie.
You destroy the gnoll zombie!
Vehumet accepts your kill.
Your battlesphere fires!
You swap places.
J - a wand of acid
Found a basalt altar of Yredelemnul.
You swap places.
Your battlesphere wavers and loses cohesion.
Magic restored.
You found a teleport trap!
You see here a hunting sling.
Sif Muna's wrath finds you.
You feel dopey.
The divine experience drains your vigour!
You feel yourself slow down.
Quiver which item? (- for none, * to show all) (? for menu, Esc to quit)
Okay, then.
Are you sure you want to abandon this character and quit the game? (Confirm with "yes".)

#...# #...# #.(.#########...#
#...........#...#
#....######.....# #......##
###...# #...#...# #...#
....#...# #...### ##......##
#..##.## #.#.....####)..@..##
#.##..........##...# #..
#...<..)............# #....
####...[.....................
#...#..<..........hh.....#
#...#.#.)..#####.###......
#########.#..).#####.........#
.....####.#............>#....#
###^......#........(.รท........


You could see 2 wolves.

Vanquished Creatures
  A two-headed ogre (D:8)
  Grinder (D:4)
  A hippogriff (D:7)
  A sky beast (D:8)
  A phantom (D:6)
  7 orc warriors
  3 ice beasts
  5 ogres
  2 bullfrogs
  2 scorpions
  A howler monkey (D:6)
  A crimson imp (D:6)
  3 bullfrog zombies
  2 orc priests
  2 hounds
  7 orc wizards
  2 jellies
  5 worker ants
  A hound zombie (D:8)
  A hound skeleton (D:7)
  A howler monkey zombie (D:8)
  2 worker ant zombies
  16 gnolls
  9 adders
  3 shadow imps
  4 worms
  2 dart slugs
  8 leopard geckos
  38 orcs
  5 giant cockroaches
  28 goblins
  24 hobgoblins
  4 jackals
  2 quokkas (D:8)
  3 ball pythons
  7 bats (D:2)
  2 frilled lizards
  2 gnoll zombies (D:8)
  A jackal skeleton (D:5)
  10 kobolds
  A leopard gecko skeleton (D:6)
  A quokka zombie (D:6)
  9 rats
231 creatures vanquished.

Vanquished Creatures (others)
  3 fulminant prisms
3 creatures vanquished.

Grand Total: 234 creatures vanquished

Notes
Turn   | Place    | Note
-------+----------+-------------------------------------------
     0 | D:1      | Megalobster the Deep Elf Conjurer began the quest for the Orb.
     0 | D:1      | Reached XP level 1. HP: 10/10 MP: 6/6
   165 | D:1      | Reached XP level 2. HP: 15/15 MP: 4/8
   409 | D:1      | Learned a level 2 spell: Searing Ray
   533 | D:1      | Reached skill level 5 in Conjurations
   716 | D:2      | Found a hazy altar of Hepliaklqana.
   833 | D:2      | Reached XP level 3. HP: 16/19 MP: 6/10
   834 | D:2      | Found a bloodstained altar of Trog.
  1229 | D:2      | Found a shimmering altar of Xom.
  1274 | D:2      | Reached XP level 4. HP: 13/24 MP: 7/12
  2013 | D:3      | Learned a level 4 spell: Iskenderun's Mystic Blast
  2087 | D:3      | Reached XP level 5. HP: 28/28 MP: 11/13
  2096 | D:3      | Learned a level 5 spell: Iskenderun's Battlesphere
  2325 | D:3      | Reached skill level 1 in Charms
  2419 | D:3      | Found a blossoming altar of Fedhas.
  2825 | D:3      | Reached skill level 2 in Charms
  2923 | D:3      | Found an iron altar of Okawaru.
  3149 | D:4      | Noticed Grinder
  3158 | D:4      | Killed Grinder
  3158 | D:4      | Reached skill level 5 in Spellcasting
  3158 | D:4      | Reached skill level 4 in Charms
  3158 | D:4      | Reached XP level 6. HP: 32/32 MP: 0/15
  3390 | D:4      | Found a staircase to the Ecumenical Temple.
  3395 | Temple   | Entered the Ecumenical Temple
  3630 | Temple   | Became a worshipper of Sif Muna the Loreminder
  4113 | D:4      | Reached skill level 5 in Charms
  4224 | D:4      | Reached XP level 7. HP: 36/36 MP: 17/17
  4867 | D:5      | Entered Level 5 of the Dungeon
  4904 | D:5      | Reached skill level 6 in Charms
  5017 | D:5      | Learned a level 4 spell: Fulminant Prism
  5115 | D:5      | Reached * piety under Sif Muna
  5115 | D:5      | Reached skill level 7 in Charms
  5836 | D:6      | Reached skill level 8 in Charms
  5836 | D:6      | Reached XP level 8. HP: 41/41 MP: 9/19
  5935 | D:6      | Learned a level 3 spell: Dazzling Spray
  6154 | D:6      | Reached ** piety under Sif Muna
  6223 | D:6      | Reached skill level 9 in Charms
  6554 | D:6      | Found a radiant altar of Vehumet.
  6880 | D:7      | Reached skill level 10 in Charms
  7024 | D:7      | Found a flagged portal.
  7037 | Bailey   | Entered a bailey
  7408 | Bailey   | Reached *** piety under Sif Muna
  7408 | Bailey   | Reached XP level 9. HP: 46/46 MP: 23/23
  7446 | Bailey   | Reached skill level 1 in Fighting
  7679 | Bailey   | Noticed an orc warlord
  7682 | Bailey   | Noticed an orc knight
  7912 | D:6      | Fell from the grace of Sif Muna
  7912 | D:6      | Became a worshipper of Vehumet
  8305 | D:7      | Learned a level 1 spell: Summon Butterflies
  8383 | D:7      | Reached skill level 11 in Charms
  8885 | D:8      | Noticed Grum
  9193 | D:7      | Gained mutation: You have large cloven feet. [mutagenic glow]
  9511 | D:8      | Reached skill level 5 in Stealth
  9538 | D:8      | Reached * piety under Vehumet
  9538 | D:8      | Offered knowledge of Freeze by Vehumet.
  9622 | D:8      | Found a basalt altar of Yredelemnul.
  9689 | D:8      | Quit the game

Skill      XL: |  1  2  3  4  5  6  7  8  9 |
---------------+----------------------------+-----
Conjurations   | 5 6 7 8 9 |  9.9
Spellcasting   | 4 5 6 8 9 |  9.1
Charms         | 4 5 8 10 11 | 11.0
Fighting       | 2 |  2.2
Stealth        | 5 |  5.0
Dodging        | 3 |  3.7

Action                   |  1- 3 |  4- 6 |  7- 9 || total
-------------------------+-------+-------+-------++-------
Melee: Dagger            |       |     5 |       ||     5
       Short sword       |       |     3 |       ||     3
 Cast: Magic Dart        |    69 |    70 |   145 ||   284
       Searing Ray       |     4 |    18 |    26 ||    48
       Iskenderun's Myst |       |     6 |    27 ||    33
       Iskenderun's Batt |       |     1 |    26 ||    27
       Fulminant Prism   |       |       |     3 ||     3
  Use: Scroll            |       |       |     9 ||     9
  Eat: Chunk             |     1 |     7 |    10 ||    18
       Meat ration       |       |     1 |       ||     1
       Royal jelly       |       |       |     2 ||     2
       Bread ration      |       |       |     1 ||     1
       Fruit             |       |       |     5 ||     5
Armor: Robe              |     1 |     3 |     3 ||     7
Dodge: Dodged            |     3 |    23 |     9 ||    35
